 Dungeon Crawl Stone Soup version 0.30-a0-800-g7c544603b3 (webtiles) character file.

Game seed: 1453870658105477166

620 Darius099 the Cleaver (level 7, -1/58 HPs)
             Began as a Minotaur Fighter on Feb 22, 2023.
             Slain by a lemure (3 damage)
             ... led by Pikel
             ... on level 4 of the Dungeon.
             The game lasted 00:05:19 (3211 turns).

Darius099 the Cleaver (Minotaur Fighter)            Turns: 3211, Time: 00:05:19

Health: -1/58      AC: 15    Str: 23    XL:     7   Next: 22%
Magic:  6/6        EV:  6    Int:  5    God:
Gold:   123        SH:  4    Dex:  9    Spells: 6/6 levels left

rFire   . . .      SeeInvis .    a - +0 war axe
rCold   . . .      Faith    .    c - +0 buckler
rNeg    + . .      Spirit   .    k - +0 plate armour
rPois   .          Reflect  .    (helmet restricted)
rElec   .          Harm     .    (no cloak)
rCorr   .          Rampage  .    (no gloves)
Will    .....                    (no boots) Stlth
                                 (no amulet)
HPRegen 0.29/turn                o - +4 ring of protection
MPRegen 0.10/turn                x - ring of positive energy

@: no status effects
A: horns 2, retaliatory headbutt
a: no special abilities


You were on level 4 of the Dungeon.
You visited 1 branch of the dungeon, and saw 5 of its levels.

You collected 123 gold pieces.

Inventory:

Hand Weapons
 a - a +0 war axe (weapon)
Missiles
 f - 44 stones (quivered)
 n - 8 boomerangs
Armour
 c - a +0 buckler (worn)
 k - a +0 plate armour (worn)
Jewellery
 o - a +4 ring of protection (left hand)
 s - a ring of wizardry
 x - a ring of positive energy (right hand)
Wands
 m - a wand of iceblast (8)
Scrolls
 b - a scroll of noise {unknown}
 e - 2 scrolls of enchant weapon {unknown}
 g - a scroll of enchant armour {unknown}
 i - 3 scrolls of identify {unknown}
 j - 5 scrolls of teleportation {unknown}
 l - a scroll of fear {unknown}
 p - a scroll of poison {unknown}
 v - a scroll of magic mapping {unknown}
Potions
 d - 2 potions of might
 h - 2 potions of lignification {unknown}
 q - 3 potions of curing {unknown}
 r - a potion of brilliance {unknown}
 t - a potion of haste {unknown}
 u - 2 potions of mutation {unknown}
 w - a potion of flight {unknown}


   Skills:
 - Level 3.8 Fighting
 + Level 9.5 Axes
 - Level 3.8 Armour
 - Level 3.8 Shields


You had 6 spell levels left.
You didn't know any spells.
Your spell library contained the following spells:

 Spells                   Type           Power      Damage    Failure   Level
 Magic Dart               Conj           0%         1d3       100%        1
 Searing Ray              Conj           0%         2d4       100%        2
 Fulminant Prism          Conj/Hex       0%         3d5       100%        4


Dungeon Overview and Level Annotations

Branches:
Dungeon (5/15)
 Temple: D:4-7

Altars:
Hepliaklqana
Kikubaaqudgha
Xom
Zin

Annotations:
D:5 Pikel


Innate Abilities, Weirdness & Mutations

You have a pair of horns on your head.
You reflexively headbutt those who attack you in melee.


Message History

The lemure hits you.
* * * LOW HITPOINT WARNING * * *
There is a stone staircase leading up here.
The lemure hits you.
* * * LOW HITPOINT WARNING * * *
You climb upwards.
There is a stone staircase leading down here.
You hit the lemure but do no damage. You headbutt the lemure.
The lemure is lightly wounded.
The lemure barely misses you.
You closely miss the lemure.
The lemure is lightly wounded.
The lemure hits you but does no damage.
You closely miss the lemure.
The lemure is lightly wounded.
The lemure hits you but does no damage.
You hit the lemure. You headbutt the lemure!
The lemure is heavily wounded.
The lemure hits you but does no damage.
You closely miss the lemure.
The lemure is heavily wounded.
The lemure hits you but does no damage.
You closely miss the lemure. You headbutt the lemure.
The lemure is heavily wounded.
The lemure hits you.
* * * LOW HITPOINT WARNING * * *
You barely miss the lemure.
The lemure is heavily wounded.
The lemure barely misses you. The lemure hits you but does no damage.
You closely miss the lemure. Your headbutt misses the lemure.
The lemure is heavily wounded.
The lemure hits you!
* * * LOW HITPOINT WARNING * * *
You barely miss the lemure.
The lemure is heavily wounded.
The lemure hits you but does no damage.
You closely miss the lemure.
The lemure is heavily wounded.
The lemure hits you.
You die...

#......#...### #...........####..
##.#+#.#####.###.................
.#.....##p##...#..........#######
.+.....#######.#........###
.##....#######.#........#
.'..........##.#........#
.#############.#........#
.#############.#........#
...............5@...#####
##############......# # #......#
# #......# # #......# # #......#
# ######## # #


You could see a lemure.

Vanquished Creatures
  Edmund (D:4)
  An orc warrior (D:5)
  An ogre (D:5)
  A lemure (D:5)
  A phantom (D:4)
  Blork the orc (D:4)
  An orc priest (D:5)
  An iguana (D:5)
  3 adders
  A white imp (D:5)
  2 ufetubi (D:5)
  2 worms
  3 dart slugs
  8 orcs
  4 endoplasms
  3 giant cockroaches (D:1)
  3 goblins
  7 hobgoblins
  2 jackals (D:1)
  6 kobolds
  4 quokkas
  6 ball pythons
  4 bats
  2 frilled lizards
  4 rats
72 creatures vanquished.

Vanquished Creatures (others)
  An angel (D:4)
  A human (D:4)
2 creatures vanquished.

Grand Total: 74 creatures vanquished

Notes
Turn   | Place    | Note
-------+----------+-------------------------------------------
     0 | D:1      | Darius099 the Minotaur Fighter began the quest for the Orb.
     0 | D:1      | Reached XP level 1. HP: 19/19 MP: 0/0
   202 | D:1      | Reached XP level 2. HP: 27/27 MP: 1/1
   291 | D:1      | Reached skill level 3 in Axes
   537 | D:1      | Reached XP level 3. HP: 31/33 MP: 2/2
   684 | D:2      | Reached skill level 4 in Axes
   688 | D:2      | Found a faded altar of an unknown god.
  1316 | D:3      | Found a hazy altar of Hepliaklqana.
  1412 | D:3      | Reached XP level 4. HP: 40/40 MP: 3/3
  1525 | D:3      | Reached skill level 5 in Axes
  2022 | D:4      | Found a glowing silver altar of Zin.
  2022 | D:4      | Noticed an angel
  2025 | D:4      | Found a shimmering altar of Xom.
  2027 | D:4      | Noticed Blork the orc
  2039 | D:4      | Killed Blork the orc
  2040 | D:4      | Reached skill level 6 in Axes
  2040 | D:4      | Reached XP level 5. HP: 13/46 MP: 4/4
  2164 | D:4      | Found an ancient bone altar of Kikubaaqudgha.
  2164 | D:4      | Noticed a human
  2170 | D:4      | Killed a human
  2430 | D:4      | Noticed a phantom
  2446 | D:4      | Killed a phantom
  2447 | D:4      | Reached skill level 7 in Axes
  2451 | D:4      | Noticed Edmund
  2464 | D:4      | Killed Edmund
  2465 | D:4      | Reached XP level 6. HP: 20/52 MP: 5/5
  2483 | D:4      | Killed an angel
  2730 | D:4      | Reached skill level 8 in Axes
  2907 | D:5      | Entered Level 5 of the Dungeon
  2913 | D:5      | Noticed an orc warrior
  2932 | D:5      | Killed an orc warrior
  3118 | D:5      | Reached skill level 9 in Axes
  3118 | D:5      | Reached XP level 7. HP: 58/58 MP: 6/6
  3157 | D:5      | Noticed Pikel
  3209 | D:4      | HP: 1/58 [lemure[Pikel] (7)]
  3211 | D:4      | Slain by a lemure

Illustrated notes

Levels and vault maps discovered:
D:1:      nicolae_arrival_memento_mori, layout_loops_ring
D:2:      layout_basic, basic_ecumenical_altar
D:3:      layout_basic, old_standard_altar, hangedman_abyss_or_decor_stabs,
          minivault_4
D:4:      layout_basic, grunt_temple_overflow_order_and_chaos_1,
          tgw_kikubaaqudgha, uniq_blork_the_orc, uniq_edmund
D:5:      layout_layer_cave, uniq_eustachio, uniq_pikel

Skill      XL: |  1  2  3  4  5  6 |
---------------+-------------------+-----
Axes           | 3 4 6 7 9 |  9.5
Fighting       | |  3.8
Armour         | |  3.8
Shields        | |  3.8

Action                     |  1- 3 |  4- 6 |  7- 9 || total
---------------------------+-------+-------+-------++-------
  Melee: War axe           |   118 |    73 |    29 ||   220
         Headbutt          |    12 |     9 |     5 ||    26
 Armour: Scale mail        |    61 |       |       ||    61
         Plate armour      |    26 |    35 |    53 ||   114
  Dodge: Dodged            |    60 |    19 |    33 ||   112
  Block: Buckler           |    27 |    13 |    17 ||    57

Table legend: (Time is in decaauts)
 A = Elapsed time spent in this place.
 B = Non-inter-level travel time spent in this place.
 C = Inter-level travel time spent in this place.
 D = Time resting spent in this place.
 E = Time spent auto-exploring this place.
 F = Levels seen in this place.
 G = Mean time per level.
                   A        B        C        D        E       F      G
               +--------+--------+--------+--------+--------+-----+--------+
         Total |   3270 |   3161 |    109 |    358 |   2146 |   5 |  654.0 |
       Dungeon |   3270 |   3161 |    109 |    358 |   2146 |   5 |  654.0 |
               +--------+--------+--------+--------+--------+-----+--------+

Top non-repeatable levels by time:
     D:4: 922 daAuts
     D:3: 711 daAuts
     D:1: 691 daAuts
     D:2: 648 daAuts
     D:5: 297 daAuts
